 Dungeon Crawl Stone Soup version 0.29.1-12-g30fa7ad0bf (webtiles) character file.

Game seed: 13998734984336490897

73584 nachturnus the Bludgeoner (level 15, 0/132 (139) HPs)
             Began as a Troll Fighter on Dec 30, 2022.
             Was the Champion of Makhleb.
             Slain by a culicivora (11 damage)
             ... on level 4 of the Spider Nest on Dec 31, 2022.
             The game lasted 01:33:27 (19649 turns).

nachturnus the Bludgeoner (Troll Fighter)          Turns: 19649, Time: 01:33:28

HP:   0/132 (139)   AC: 17    Str: 34    XL:     15   Next: 4%
MP:   20/20         EV: 11    Int:  4    God:    Makhleb [******]
Gold: 1925          SH:  5    Dex:  9    Spells: 14/14 levels left

rFire   + . .      SeeInvis .   d - +9 giant spiked club (spect)
rCold   . . .      Faith    .   (shield currently unavailable)
rNeg    . . .      Spirit   .   y - +1 acid dragon scales
rPois   +          Reflect  +   (helmet restricted)
rElec   +          Harm     .   I - +2 cloak {Will+}
rCorr   +          Rampage  .   (gloves unavailable)
Will    ++...      Clarity  +   (boots unavailable)
Stlth   +.........              J - amulet of reflection
HPRegen 1.12/turn               k - ring of protection from fire
MPRegen 0.17/turn               H - ring of poison resistance

@: lethally poisoned (0 -> -9), about to teleport, hasted and slowed, drained
A: large, unfitting armour, claws 3, regeneration 1, shaggy fur 1, tough skin 1,
iridescent scales 1, clarity, robust 1, electricity resistance
a: Renounce Religion, Minor Destruction, Lesser Servant of Makhleb, Major
Destruction, Greater Servant of Makhleb


You were on level 4 of the Spider Nest.
You worshipped Makhleb.
Makhleb was exalted by your worship.
You visited 5 branches of the dungeon, and saw 22 of its levels.
You also visited: Ossuary and Volcano.

You collected 1925 gold pieces.

Inventory:

Hand Weapons
 d - a +9 spectral giant spiked club (weapon)
 B - a +3 flail of holy wrath
 M - the +7 glaive of Faddafry {flame, rCorr Int-4 SInv}
   (You found it in a volcano)

   It burns those it strikes, dealing additional fire damage.
   Big, fiery blades are also staple armaments of hydra-hunters.
   Int:       It affects your intelligence (-4).
   SInv:      It lets you see invisible.
   rCorr:     It protects you from acid and corrosion.
Missiles
 p - 157 stones (quivered)
 O - a throwing net
Armour
 n - a +0 troll leather armour
 y - +1 acid dragon scales (worn)
 I - a +2 cloak of willpower (worn)
 Q - a +2 kite shield
Jewellery
 k - a ring of protection from fire (left claw)
 m - a ring of protection from fire
 D - an amulet of magic regeneration
 H - a ring of poison resistance (right claw)
 J - an amulet of reflection (around neck)
Wands
 q - a wand of flame (36)
 v - a wand of iceblast (28)
 x - a wand of charming (30)
 C - a wand of digging (5)
 K - a wand of quicksilver (6)
Scrolls
 b - a scroll of acquirement
 f - 2 scrolls of poison
 g - 3 scrolls of silence {unknown}
 j - a scroll of blinking {unknown}
 l - 2 scrolls of butterflies
 r - 4 scrolls of amnesia
 s - 3 scrolls of magic mapping
 F - a scroll of teleportation
 N - 2 scrolls of enchant armour
 P - a scroll of summoning {unknown}
Potions
 a - a potion of invisibility
 c - 2 potions of might
 h - 7 potions of curing
 i - 4 potions of magic
 t - 5 potions of brilliance
 w - 3 potions of lignification
 z - a potion of haste
 A - 2 potions of ambrosia
 E - a potion of mutation
 G - 2 potions of attraction
 L - 2 potions of flight


   Skills:
 - Level 3.0 Fighting
 - Level 16.2 Maces & Flails
 - Level 2.0 Throwing
 - Level 10.6 Armour
 - Level 8.1 Dodging
 - Level 1.0 Stealth
 - Level 5.5 Shields
 - Level 8.5 Unarmed Combat
 + Level 8.3 Invocations


You had 14 spell levels left.
You didn't know any spells.
Your spell library contained the following spells:

 Spells                   Type           Power      Damage    Failure   Level
 Apportation              Tloc           0%         N/A       54%         1
 Ensorcelled Hibernation  Hex/Ice        0%         N/A       67%         2
 Passwall                 Tmut/Erth      0%         N/A       67%         2
 Dazzling Flash           Conj/Hex       0%         N/A       88%         3
 Gell's Gravitas          Tloc           0%         N/A       88%         3
 Ignite Poison            Fire/Tmut/Pois 0%         N/A       88%         3
 Lesser Beckoning         Tloc           0%         N/A       88%         3
 Mephitic Cloud           Conj/Pois/Air  0%         N/A       88%         3
 Swiftness                Air            0%         N/A       88%         3
 Teleport Other           Tloc           0%         N/A       88%         3
 Agony                    Necr           0%         N/A       100%        5
 Alistair's Intoxication  Tmut/Pois      0%         N/A       100%        5
 Freezing Cloud           Conj/Ice/Air   0%         6-21      100%        5
 Iskenderun's Battlesphe  Conj           0%         2d6       100%        5
 Silence                  Hex/Air        0%         N/A       100%        5
 Iron Shot                Conj/Erth      0%         9d1       100%        6
 Spellforged Servitor     Conj/Summ      0%         N/A       100%        7


Dungeon Overview and Level Annotations

Branches:
Dungeon (13/15)            Temple (1/1) D:5            Lair (2/5) D:11
 Shoals (0/4) Lair:2       Spider (4/4) Lair:2          Orc (2/2) D:11
    Elf (0/3) Orc:2       Ossuary (visited)         Volcano (visited)
 Vaults: D:13-14

Altars:
Ashenzari
Cheibriados
Dithmenos
Elyvilon
Fedhas
Gozag
Hepliaklqana
Kikubaaqudgha
Makhleb
Nemelex Xobeh
Okawaru
Qazlal
Ru
Sif Muna
Trog
Uskayaw
Vehumet
Wu Jian
Xom
Yredelemnul
Zin
The Shining One

Shops:
Orc:2 :[([

Annotations:
Lair:1 2 transporters, Imnulubo's ghost, novice TeFE
Spider:3 Roxanne


Innate Abilities, Weirdness & Mutations

You are too large for most types of armour.
You have claws for hands.
Your natural rate of healing is unusually fast.
You are covered in fur. (AC +1)
You have tough skin. (AC +1)
You are partially covered in iridescent scales. (AC +2)
You possess an exceptional clarity of mind.
You are robust. (+10% HP)
You are resistant to electric shocks. (rElec)


Message History

The culicivora is moderately wounded.
Your +9 spectral giant spiked club misses the culicivora.
The culicivora closely misses you.
The wolf spider misses your +9 spectral giant spiked club.
The wolf spider bites your +9 spectral giant spiked club but does no damage.
The culicivora bites you!
* * * LOW HITPOINT WARNING * * *
The culicivora draws strength from your injuries!
The culicivora closely misses you.
The wolf spider barely misses your +9 spectral giant spiked club.
The wolf spider bites your +9 spectral giant spiked club.
Your spectral weapon shares its damage with you!
* * * LOW HITPOINT WARNING * * *
You are too injured to fight recklessly!
You feel much better.
The culicivora bites you but does no damage.
The culicivora bites you!
* * * LOW HITPOINT WARNING * * *
The culicivora draws strength from your injuries!
As you read the scroll of teleportation, it crumbles to dust.
You feel strangely unstable. The culicivora bites you!
* * * LOW HITPOINT WARNING * * *
The culicivora draws strength from your injuries!
The wolf spider completely misses you. The wolf spider bites you.
* * * LOW HITPOINT WARNING * * *
The culicivora bites you but does no damage.
The wolf spider hits you but does no damage.
The wolf spider bites you!
* * * LOW HITPOINT WARNING * * *
You are lethally poisoned!
The wolf spider poisons you!
You feel much better.
You feel very sick.
The death scarab waves its antennae.
The wolf spider hits you!
* * * LOW HITPOINT WARNING * * *
The wolf spider bites you.
* * * LOW HITPOINT WARNING * * *
The culicivora bites you!
You die...

........ ........
##........
###....^....
##.^.#...$...
#...$........
##.......#.#.
###s#....^.....
#@sH...........
#sss...........
##B............
#..............
##..#..........
#.............
.#.........####
.................).
..^................


You could see a jorogumo, 2 wolf spiders, 2 culicivoras, a death scarab and a
tarantella.

Vanquished Creatures
  Mlioglotl (Spider:2)
  Agnes (Spider:4)
  An orc warlord (Orc:2)
  3 emperor scorpions
  2 ghost moths
  7 spark wasps
  Harold (D:10)
  4 boulder beetles
  Erolcha (Orc:2)
  A radroach (Spider:3)
  5 two-headed ogres
  Amaemon (D:9)
  4 pharaoh ants
  A sun moth (Spider:1)
  4 orb spiders
  Pikel (D:5)
  An orc knight (Orc:1)
  A wizard (Volcano)
  A deep elf pyromancer (Volcano)
  4 orc sorcerers (Orc:2)
  4 cyclopes
  An ugly thing (D:12)
  6 wolf spiders
  2 salamanders (Volcano)
  A moth of wrath (Spider:2)
  2 manticores
  A black mamba (Lair:2)
  4 molten gargoyles (Volcano)
  An orange demon (D:9)
  5 gargoyles
  5 cane toads
  3 torpor snails
  An efreet (Volcano)
  2 rime drakes (Lair:1)
  5 demonic crawlers
  4 trolls
  2 hornets
  A wind drake (Lair:2)
  21 tarantellas
  4 blink frogs (Lair:1)
  Grinder (D:9)
  6 culicivoras
  Sigmund (D:6)
  20 jumping spiders
  34 yaks
  A wyvern (D:8)
  2 wraiths
  Grum (D:11)
  A steam dragon (D:10)
  A basilisk (Lair:1)
  17 redbacks
  7 vampire mosquitoes
  Menkaure (D:5)
  Edmund (D:5)
  5 acid dragons
  10 water moccasins
  2 ice beasts (D:7)
  34 orc warriors
  4 black bears
  17 wolves
  6 ogres
  6 centaurs
  A phantom (D:4)
  4 elf zombies (Ossuary)
  A kobold brigand (D:9)
  11 bullfrogs
  3 gnoll sergeants
  2 scorpions
  A necrophage (D:4)
  2 killer bees
  8 howler monkeys
  2 electric eels (Spider:1)
  A centaur zombie (Ossuary)
  A human zombie (Ossuary)
  28 orc priests
  2 hounds
  Natasha (thrice) (D:4)
  6 iguanas
  33 orc wizards
  2 mummies (Ossuary)
  18 gnolls
  12 adders
  3 shadow imps
  3 white imps
  2 ufetubi
  4 adder zombies (Ossuary)
  A worm (D:2)
  A dart slug (D:3)
  112 orcs
  8 bats
  9 endoplasms
  8 giant cockroaches
  9 goblins
  14 hobgoblins
  4 jackals
  2 quokkas
  10 ball pythons
  4 frilled lizards
  A goblin zombie (Ossuary)
  8 hobgoblin zombies (Ossuary)
  9 kobolds
  11 kobold zombies (Ossuary)
  7 orc zombies (Ossuary)
  3 rats (D:1)
672 creatures vanquished.

Vanquished Creatures (collateral kills)
  A torpor snail (Spider:3)
1 creature vanquished.

Vanquished Creatures (others)
  An orc (Orc:2)
  7 fungi (Lair:2)
  4 plants
12 creatures vanquished.

Grand Total: 685 creatures vanquished

Notes
Turn   | Place    | Note
-------+----------+-------------------------------------------
     0 | D:1      | nachturnus the Troll Fighter began the quest for the Orb.
     0 | D:1      | Reached XP level 1. HP: 22/22 MP: 0/0
   286 | D:1      | Reached XP level 2. HP: 27/29 MP: 1/1
   641 | D:1      | Reached XP level 3. HP: 36/36 MP: 2/2
  1086 | D:2      | You fall into a shaft and drop 2 floors!
  1115 | D:4      | Noticed a scorpion
  1115 | D:4      | Noticed Natasha
  1264 | D:2      | Reached XP level 4. HP: 35/44 MP: 3/3
  2200 | D:3      | Reached skill level 5 in Unarmed Combat
  2253 | D:3      | Found a faded altar of an unknown god.
  2406 | D:3      | Reached XP level 5. HP: 50/50 MP: 4/4
  2566 | D:3      | Found a blossoming altar of Fedhas.
  2883 | D:4      | Killed Natasha
  2904 | D:4      | Noticed Natasha
  2907 | D:4      | Killed Natasha
  2908 | D:4      | Reached XP level 6. HP: 59/59 MP: 5/5
  3295 | D:4      | Noticed Natasha
  3299 | D:4      | Killed Natasha
  3342 | D:5      | Entered Level 5 of the Dungeon
  3476 | D:5      | Reached XP level 7. HP: 55/66 MP: 6/6
  3694 | D:5      | Noticed Menkaure
  3723 | D:5      | Killed Menkaure
  3868 | D:5      | Reached XP level 8. HP: 57/74 MP: 7/7
  3971 | D:5      | Noticed Pikel
  3978 | D:5      | Reached skill level 5 in Dodging
  3987 | D:5      | Killed Pikel
  4072 | D:5      | Found a staircase to the Ecumenical Temple.
  4159 | Temple   | Entered the Ecumenical Temple
  4478 | Temple   | Became a worshipper of Makhleb the Destroyer
  4542 | D:6      | Noticed Edmund
  4544 | D:6      | Noticed Grinder
  4548 | D:6      | Noticed Sigmund
  4557 | D:5      | Killed Edmund
  4869 | D:6      | Reached XP level 9. HP: 79/80 MP: 8/8
  4989 | D:6      | Killed Sigmund
  5518 | D:6      | Reached * piety under Makhleb
  5607 | D:7      | Reached skill level 1 in Maces & Flails
  5654 | D:7      | Reached skill level 2 in Maces & Flails
  5703 | D:7      | Reached skill level 3 in Maces & Flails
  5802 | D:7      | Reached skill level 4 in Maces & Flails
  5842 | D:7      | Found a stormy altar of Qazlal.
  5937 | D:7      | Found a basalt altar of Yredelemnul.
  6052 | D:7      | Gained mutation: Potions are less effective at restoring
                  | your health. [potion of mutation]
  6052 | D:7      | Gained mutation: You are frail. (-10% HP) [potion of
                  | mutation]
  6052 | D:7      | Gained mutation: You passively map a small area around you.
                  | [potion of mutation]
  6052 | D:7      | Gained mutation: You have sharp toenails. [potion of
                  | mutation]
  6057 | D:7      | Lost mutation: You are frail. (-10% HP) [potion of
                  | mutation]
  6057 | D:7      | Lost mutation: Potions are less effective at restoring your
                  | health. [potion of mutation]
  6057 | D:7      | Lost mutation: You have sharp toenails. [potion of
                  | mutation]
  6057 | D:7      | Gained mutation: Your spells are a little easier to cast,
                  | but a little less powerful. [potion of mutation]
  6057 | D:7      | Gained mutation: You possess an exceptional clarity of
                  | mind. [potion of mutation]
  6371 | D:7      | Lost mutation: You passively map a small area around you.
                  | [potion of mutation]
  6371 | D:7      | Lost mutation: Your spells are a little easier to cast, but
                  | a little less powerful. [potion of mutation]
  6371 | D:7      | Gained mutation: You are partially covered in iridescent
                  | scales. (AC +2) [potion of mutation]
  6371 | D:7      | Gained mutation: You are resistant to electric shocks.
                  | (rElec) [potion of mutation]
  6371 | D:7      | Gained mutation: You are robust. (+10% HP) [potion of
                  | mutation]
  6678 | D:8      | Reached skill level 5 in Maces & Flails
  6757 | D:8      | Noticed a two-headed ogre
  6772 | D:8      | Killed a two-headed ogre
  6773 | D:8      | Reached skill level 6 in Maces & Flails
  6778 | D:8      | Reached XP level 10. HP: 56/100 MP: 9/9
  6972 | D:8      | Reached ** piety under Makhleb
  7253 | D:8      | Found a sand-covered staircase.
  7259 | Ossuary  | Entered an ossuary
  7386 | Ossuary  | Reached *** piety under Makhleb
  7864 | D:8      | Reached skill level 5 in Shields
  8006 | D:8      | Identified 2 scrolls of acquirement
  8006 | D:8      | Acquired 705 gold pieces
  8073 | D:8      | Acquired a +8 spectral giant spiked club
  8109 | D:9      | Found a bloodstained altar of Trog.
  8153 | D:9      | Killed Grinder
  8154 | D:9      | Reached skill level 7 in Maces & Flails
  8208 | D:9      | Noticed Amaemon
  8209 | D:9      | Noticed an orange demon
  8257 | D:9      | Killed an orange demon
  8260 | D:9      | Killed Amaemon
  8261 | D:9      | Reached skill level 8 in Maces & Flails
  8423 | D:9      | Reached skill level 9 in Maces & Flails
  8531 | D:9      | Reached **** piety under Makhleb
  8538 | D:9      | Reached XP level 11. HP: 61/106 MP: 10/10
  9077 | D:10     | Entered Level 10 of the Dungeon
  9183 | D:10     | Reached skill level 10 in Maces & Flails
  9187 | D:10     | Noticed a two-headed ogre
  9192 | D:10     | Killed a two-headed ogre
  9208 | D:10     | Noticed a two-headed ogre
  9212 | D:10     | Killed a two-headed ogre
  9237 | D:10     | Noticed a two-headed ogre
  9256 | D:10     | Killed a two-headed ogre
  9257 | D:10     | Reached skill level 11 in Maces & Flails
  9319 | D:10     | Noticed Harold
  9329 | D:10     | Killed Harold
  9375 | D:10     | Reached ***** piety under Makhleb
  9930 | D:11     | Noticed Grum
  9932 | D:11     | Killed Grum
  9933 | D:11     | Reached skill level 12 in Maces & Flails
 10030 | D:11     | Found a staircase to the Lair.
 10240 | D:11     | Found a staircase to the Orcish Mines.
 10695 | D:12     | Reached skill level 13 in Maces & Flails
 10745 | D:12     | Reached XP level 12. HP: 109/115 MP: 11/11
 10991 | D:12     | Noticed a two-headed ogre
 11000 | D:12     | Killed a two-headed ogre
 11478 | D:13     | Noticed a boulder beetle
 11628 | Lair:1   | Entered Level 1 of the Lair of Beasts
 11667 | Lair:1   | Reached skill level 14 in Maces & Flails
 11699 | Lair:1   | Noticed Imnulubo's ghost (novice TeFE)
 11703 | Lair:1   | Found a bloodstained altar of Trog.
 11713 | Lair:1   | Found a transporter.
 11736 | Lair:1   | Reached skill level 1 in Throwing
 11776 | Lair:1   | Reached skill level 1 in Stealth
 11787 | Lair:1   | Reached skill level 1 in Armour
 12067 | Lair:1   | Acquired a +2 cloak of willpower
 12244 | Lair:1   | Found a transporter.
 12298 | Lair:1   | Found a dark tunnel.
 12313 | Volcano  | Entered a volcano
 12481 | Volcano  | Reached XP level 13. HP: 122/122 MP: 12/12
 12487 | Volcano  | Noticed an orb of fire
 12507 | Volcano  | Identified the +7 glaive of Faddafry {flame, rCorr Int-4
                  | SInv}
 12532 | Volcano  | Reached skill level 15 in Maces & Flails
 12533 | Volcano  | Noticed an orb of fire
 12539 | Volcano  | Reached skill level 5 in Armour
 13096 | Lair:2   | Reached ****** piety under Makhleb
 13215 | Lair:2   | Found a staircase to the Shoals.
 13672 | Lair:2   | Found a hole to the Spider Nest.
 13708 | Spider:1 | Entered Level 1 of the Spider Nest
 14116 | Spider:1 | Noticed an emperor scorpion
 14124 | Spider:1 | Killed an emperor scorpion
 14235 | Spider:1 | Noticed a spark wasp
 14380 | Spider:1 | Killed a spark wasp
 14510 | Spider:1 | Noticed an emperor scorpion
 14516 | Spider:1 | Killed an emperor scorpion
 14714 | Spider:1 | Killed a ghost moth
 14831 | Spider:1 | Noticed a spark wasp
 14836 | Spider:1 | Killed a spark wasp
 14836 | Spider:1 | Noticed a spark wasp
 14839 | Spider:1 | Killed a spark wasp
 14840 | Spider:1 | Reached XP level 14. HP: 98/132 MP: 13/13
 15508 | Orc:1    | Entered Level 1 of the Orcish Mines
 15525 | Orc:1    | Reached skill level 16 in Maces & Flails
 15660 | Orc:1    | You fall into a shaft and drop 1 floor!
 15660 | Orc:2    | Entered Level 2 of the Orcish Mines
 15661 | Orc:2    | Noticed Erolcha
 15671 | Orc:2    | Killed Erolcha
 16108 | Orc:2    | Found a staircase to the Elven Halls.
 16462 | Orc:2    | Found Lati's Armour Emporium.
 16591 | Orc:2    | Noticed an orc warlord
 16626 | Orc:2    | Reached skill level 1 in Invocations
 16653 | Orc:2    | Killed an orc warlord
 16758 | Orc:2    | Reached skill level 10 in Armour
 16762 | Orc:2    | Found Viapem's Book Boutique.
 16814 | Orc:2    | Found Asotyeg's Antique Armour Shop.
 16818 | Orc:2    | Found Kotsewo's Antique Weapon Boutique.
 17232 | Spider:2 | Killed a ghost moth
 17403 | Spider:2 | Noticed Mlioglotl
 17426 | Spider:2 | Killed Mlioglotl
 17914 | Spider:2 | Reached skill level 5 in Invocations
 18891 | Spider:3 | Noticed an emperor scorpion
 18903 | Spider:3 | Killed an emperor scorpion
 19147 | Spider:3 | Noticed Roxanne
 19529 | Spider:4 | Entered Level 4 of the Spider Nest
 19590 | Spider:4 | Reached XP level 15. HP: 139/139 MP: 20/20
 19597 | Spider:4 | Noticed Agnes
 19603 | Spider:4 | Killed Agnes
 19649 | Spider:4 | Slain by a culicivora

Illustrated notes

Levels and vault maps discovered:
D:1:      giann_bridges, layout_loops_corners, minmay_octomino_c4
D:2:      layout_basic
D:3:      layout_loops_ring, fedhas_altar_4,
          shapermc_ecumenical_altar_acropolis, minmay_statues_item,
          minivault_24, minmay_misc_feat_pillars,
          minmay_randomly_rotated_circles
D:4:      layout_rooms, uniq_natasha
D:5:      layout_basic, minmay_temple_entry_water_ring, uniq_pikel,
          uniq_menkaure
D:6:      layout_loops_ring, uniq_sigmund, uniq_grinder, uniq_edmund
D:7:      layout_loops_ring, nicolae_qazlal_scattered_showers,
          lemuel_round_altar, minmay_splitting_lines, minmay_increasing_density
D:8:      layout_loops_ring, nicolae_ossuary_entry_false_entrances,
          grunt_tough_drop
D:9:      layout_irregular_city, trog_ov_bears_minmay, uniq_amaemon
D:10:     minmay_skewed_foursquare, layout_loops_cross, special_room
          [special_room_orc], kennysheep_generic_room_3, uniq_harold
D:11:     layout_loops_ring, lair_entry_dummy, orc_0_dummy, uniq_grum
D:12:     layout_long_grid, minmay_fountain_box, drop_trap,
          minmay_variable_closet
D:13:     layout_roguey, erik_vaults_2
Temple:   nicolae_temple_bog_church
Lair:1:   layout_roguey, gammafunk_ghost_wrathful_warriors,
          nicolae_volcano_entry_two_sided, grunt_forest_stairs_basic
Lair:2:   layout_regular_city, minmay_shoals_entry_beasts,
          spider_nest_entry_funnel_web, infiniplex_staircase_pool_2
Spider:1: layout_spider_delve, nicolae_spider_bzzzt
Spider:2: layout_cave_pods, uniq_mlioglotl
Spider:3: layout_cave_pods, hangedman_spider_tarantella_strand, uniq_roxanne
Spider:4: grunt_spider_rune_parallel, uniq_agnes
Orc:1:    layout_caves, serial_shops, nicolae_shop_hallway_stairs, mines2_david
Orc:2:    grunt_orc_community_town_hall, layout_caves,
          grunt_orc_community_big_house_1, grunt_orc_community_big_house_2,
          grunt_orc_community_house_1, grunt_orc_community_house_1,
          grunt_orc_community_house_1, grunt_orc_community_house_2,
          grunt_orc_community_house_1, grunt_orc_community_house_3, uniq_erolcha

Skill      XL: |  1  2  3  4  5  6  7  8  9 10 11 12 13 14 |
---------------+-------------------------------------------+-----
Unarmed Combat | 3 4 5 6 7 8 |  8.5
Dodging        | 4 7 8 |  8.1
Fighting       | 3 |  3.0
Maces & Flails | 6 9 13 14 15 16 | 16.2
Shields        | 5 |  5.5
Throwing       | 2 |  2.0
Stealth        | 1 |  1.0
Armour         | 4 9 10 | 10.6
Invocations    | 8 |  8.3

Action                   |  1- 3 |  4- 6 |  7- 9 | 10-12 | 13-15 || total
-------------------------+-------+-------+-------+-------+-------++-------
Melee: Unarmed           |   127 |   169 |   298 |   201 |       ||   795
       Giant spiked club |       |       |       |   333 |   522 ||   855
Invok: Lesser Servant of |       |       |       |       |     2 ||     2
Evoke: Wand              |       |       |       |       |     1 ||     1
  Use: Scroll            |       |     6 |     3 |    21 |    10 ||    40
       Potion            |       |       |     3 |       |    11 ||    14
 Stab: Sleeping          |     1 |       |       |       |       ||     1
       Distracted        |       |       |       |     1 |     5 ||     6
Armor: Robe              |    64 |    65 |    49 |    85 |       ||   263
       Troll leather arm |       |       |       |    25 |       ||    25
       Acid dragon scale |       |       |       |    51 |   264 ||   315
Dodge: Dodged            |    52 |    80 |   101 |   247 |   262 ||   742
Block: Kite shield       |    52 |    59 |    71 |    79 |       ||   261
       Other             |       |       |       |     4 |   122 ||   126
       Reflection        |       |       |       |     1 |     4 ||     5
